 Dungeon Crawl Stone Soup version 0.31.0-11-ge490571c62 (webtiles) character file.

Game seed: 11475182150326885571

14205 CougarLife the Cleaver (level 11, -4/101 HPs)
             Began as a Minotaur Fighter on Jan 29, 2024.
             Was a Follower of Trog.
             Slain by a skeletal warrior
             ... wielding a +0 trident
              (9 damage)
             ... on level 11 of the Dungeon.
             The game lasted 00:19:03 (9892 turns).

CougarLife the Cleaver (Minotaur Fighter)           Turns: 9892, Time: 00:19:03

Health: -4/101     AC: 21    Str: 23    XL:     11   Next: 85%
Magic:  10/10      EV: 11    Int:  7    God:    Trog [*.....]
Gold:   603        SH:  6    Dex: 10    Spells: 10/10 levels left

rFire   + . .        P - +1 war axe (elec)
rCold   . . .        c - +0 buckler
rNeg    . . .        B - +2 scale mail {rPois}
rPois   +            o - +2 hat
rElec   .            (no cloak)
rCorr   .            t - +0 pair of gloves
SInv    .            p - +2 pair of boots
Will    .....        D - amulet of regeneration
Stlth   x              - +4 ring of protection
HPRegen 1.16/turn    O - ring of protection from fire
MPRegen 0.12/turn

%: no passive effects
@: mighty, on berserk cooldown, slowed, very slow
A: horns 2, retaliatory headbutt
a: Renounce Religion, Berserk


You were on level 11 of the Dungeon.
You worshipped Trog.
Trog was aware of your devotion.
You visited 2 branches of the dungeon, and saw 12 of its levels.
You also visited: Sewer.

You collected 703 gold pieces.
You spent 100 gold pieces at shops.

Inventory:

Hand Weapons
 P - a +1 war axe of electrocution (weapon)
Missiles
 a - 5 throwing nets
 F - 42 poisoned darts (quivered)
 G - 8 javelins
 H - 13 boomerangs
 T - a curare-tipped dart
Armour
 c - a +0 buckler (worn)
 o - a +2 hat (worn)
 p - a +2 pair of boots (worn)
 t - a +0 pair of gloves (worn)
 B - a +2 scale mail of poison resistance (worn)
Jewellery
 q - a ring of fire
 x - a +4 ring of protection (left hand)
 A - a ring of ice
 D - an amulet of regeneration (around neck)
 O - a ring of protection from fire (right hand)
Wands
 e - a wand of digging (6)
 y - a wand of mindburst (9)
 K - a wand of paralysis (17)
 V - a wand of polymorph (2)
Scrolls
 b - 2 scrolls of fear
 f - 5 scrolls of blinking
 h - 2 scrolls of fog
 j - a scroll of silence
 k - 2 scrolls of enchant weapon
 n - a scroll of revelation
 r - 6 scrolls of enchant armour
 s - 4 scrolls of teleportation
 w - 2 scrolls of vulnerability
 C - 2 scrolls of noise
 I - a scroll of summoning
 L - 2 scrolls of immolation
 Q - a scroll of identify
 R - a scroll of brand weapon {unknown}
 S - a scroll of torment {unknown}
 U - a scroll of poison {unknown}
Potions
 g - 3 potions of magic {unknown}
 i - 3 potions of resistance
 l - 5 potions of curing
 m - 3 potions of enlightenment
 u - 3 potions of lignification {unknown}
 v - a potion of mutation
 z - 2 potions of attraction {unknown}
 E - a potion of invisibility {unknown}
 M - a potion of berserk rage {unknown}
 N - 2 potions of haste {unknown}
Miscellaneous
 J - a box of beasts


   Skills:
 + Level 10.5 Fighting
 - Level 13.3 Axes
 - Level 6.0 Throwing
 - Level 10.4 Armour
 - Level 6.0 Dodging
 * Level 9.5 Shields


You had 10 spell levels left.
You didn't know any spells.
Your spell library contained the following spells:

 Spells                   Type           Power      Damage    Failure   Level
 Apportation              Tloc           0%         N/A       75%         1
 Necrotise                Necr           0%         1d4       75%         1
 Sting                    Conj/Alch      0%         1d3       75%         1
 Summon Small Mammal      Summ           0%         N/A       75%         1
 Gell's Gravitas          Tloc           0%         N/A       98%         3
 Inner Flame              Hex/Fire       0%         N/A       98%         3
 Teleport Other           Tloc           0%         N/A       98%         3
 Flame Wave               Conj/Fire      0%         2d4       100%        4
 Sticky Flame             Fire/Alch      0%         2d4       100%        4
 Alistair's Intoxication  Alch           0%         N/A       100%        5
 Borgnjor's Vile Clutch   Necr/Erth      0%         N/A       100%        5
 Dispersal                Tloc           0%         N/A       100%        6
 Eringya's Noxious Bog    Alch           0%         4d6       100%        6


Dungeon Overview and Level Annotations

Branches:
Dungeon (11/15)            Temple (1/1) D:7            Lair (0/5) D:8
    Orc (0/2) D:11          Sewer (visited)

Altars:
Ashenzari
Cheibriados
Dithmenos
Elyvilon
Fedhas
Gozag
Hepliaklqana
Kikubaaqudgha
Makhleb
Nemelex Xobeh
Okawaru
Qazlal
Ru
Sif Muna
Trog
Uskayaw
Vehumet
Wu Jian
Xom
Yredelemnul
Zin
The Shining One

Shops:
D:1 (   D:2 *=([*   D:9 [

Annotations:
D:7 2 transporters, browni3141's ghost, novice MiFi


Innate Abilities, Weirdness & Mutations

You have a pair of horns on your head.
You reflexively headbutt those who attack you in melee.


Message History

You headbutt the skeletal warrior!
Things that are here:
a +0 long sword; a +0 mace You closely miss the skeletal warrior.
The skeletal warrior is lightly damaged.
You are no longer berserk.
You are exhausted.
You feel yourself slow down.
You hit the skeletal warrior.
Your headbutt misses the skeletal warrior.
The skeletal warrior is lightly damaged.
The skeletal warrior hits you but does no damage.
The skeletal warrior hits you with a +0 trident!
You barely miss the skeletal warrior.
The skeletal warrior is lightly damaged.
The skeletal warrior hits you but does no damage.
You slash the skeletal warrior!
Lightning courses through the skeletal warrior!
You headbutt the skeletal warrior, but do no damage.
The skeletal warrior is heavily damaged.
The skeletal warrior hits you but does no damage.
You hit the skeletal warrior.
Your headbutt misses the skeletal warrior.
The skeletal warrior is heavily damaged.
The skeletal warrior hits you with a +0 trident! x2
* * * LOW HITPOINT WARNING * * *
You feel very mighty all of a sudden.
The skeletal warrior hits you with a +0 trident!
* * * LOW HITPOINT WARNING * * *
You're still recovering from your berserk rage.
You slash the skeletal warrior!
Your headbutt misses the skeletal warrior.
The skeletal warrior is heavily damaged.
The skeletal warrior hits you with a +0 trident!!
* * * LOW HITPOINT WARNING * * *
You closely miss the skeletal warrior.
The skeletal warrior is heavily damaged.
The skeletal warrior hits you but does no damage.
The skeletal warrior hits you with a +0 trident!
You die...

.... #.#
.... #.#
....
#######.#
....
.zz.z..>#
#### #.#
#.# #z#
#z# # #@#
###. #.#
... #.#
.# #.# .#
#.# .#
#.# .###
#.# ....
#.# ..###
#.#


You could see 2 skeletal warriors.

Vanquished Creatures
  The ghost of math4jedi the Cleaver, a journeyman MiBe of Trog (D:10)
  Harold (D:10)
  Nergalle (D:10)
  Amaemon (D:9)
  3 skeletal warriors (D:11)
  Pikel (D:6)
  A cyclops (D:11)
  An orange demon (D:9)
  Psyche (D:8)
  2 trolls (D:11)
  4 hornets
  2 shadows
  11 yaks
  A wraith (D:11)
  A wyvern (D:9)
  3 steam dragons
  Menkaure (D:6)
  An acid dragon (D:11)
  3 orc warriors
  A sky beast (D:8)
  3 ice beasts
  A centaur (D:10)
  3 ogres
  4 phantoms
  A lemure (D:6)
  6 kobold brigands
  Blork the orc (D:6)
  5 bullfrogs
  A gnoll sergeant (D:11)
  2 scorpions
  8 wights
  15 killer bees
  4 electric eels (D:8)
  3 howler monkeys
  A bombardier beetle (D:6)
  3 jellies
  A gnoll bouda (D:7)
  4 orc priests
  7 hounds
  6 iguanas
  9 orc wizards
  2 sleepcaps
  11 gnolls
  10 adders
  4 river rats (Sewer)
  A shadow imp (D:7)
  A white imp (D:6)
  4 ufetubi (D:6)
  5 dart slugs
  4 ribbon worms
  52 orcs
  12 ball pythons
  10 bats
  8 endoplasms
  8 giant cockroaches
  6 goblins
  6 hobgoblins
  4 jackals
  8 quokkas
  6 frilled lizards
  19 kobolds
  4 rats
  A spectral orc (D:6)
315 creatures vanquished.

Notes
Turn   | Place    | Note
-------+----------+-------------------------------------------
     0 | D:1      | CougarLife the Minotaur Fighter began the quest for the
                  | Orb.
     0 | D:1      | Reached XP level 1. HP: 19/19 MP: 0/0
   104 | D:1      | Reached XP level 2. HP: 26/26 MP: 1/1
   114 | D:1      | Found Urgholupe's Antique Weapon Shoppe.
   561 | D:2      | Found Wolim's Antique Weapon Boutique.
   571 | D:2      | Reached skill level 3 in Axes
   571 | D:2      | Reached XP level 3. HP: 22/33 MP: 2/2
   796 | D:2      | Reached skill level 4 in Axes
   796 | D:2      | Reached XP level 4. HP: 38/40 MP: 3/3
   806 | D:2      | Found Riaty's Jewellery Shop.
   832 | D:2      | Found Xyotwyr's General Store.
   947 | D:2      | Found Xox Hyi's Antique Armour Emporium.
  1060 | D:2      | Found Jaonegij's General Store.
  1336 | D:3      | Found a glowing drain.
  1351 | Sewer    | Entered a sewer
  1540 | Sewer    | Reached skill level 5 in Axes
  1540 | Sewer    | Reached XP level 5. HP: 37/47 MP: 4/4
  2183 | D:3      | Found a shadowy altar of Dithmenos.
  2200 | D:3      | Reached skill level 5 in Fighting
  2256 | D:3      | Found a white marble altar of Elyvilon.
  2332 | D:3      | Found a glowing silver altar of Zin.
  2497 | D:4      | Reached skill level 6 in Axes
  2524 | D:4      | Reached XP level 6. HP: 43/56 MP: 5/5
  2907 | D:4      | Found a burning altar of Makhleb.
  2914 | D:4      | Reached skill level 7 in Axes
  2961 | D:4      | Reached XP level 7. HP: 60/63 MP: 6/6
  3151 | D:4      | Reached skill level 8 in Axes
  3191 | D:4      | Found a sparkling altar of Nemelex Xobeh.
  3271 | D:5      | Entered Level 5 of the Dungeon
  3400 | D:5      | Noticed a +0 short sword
  3400 | D:5      | Noticed a +0 spear
  3400 | D:5      | Noticed a +0 falchion
  3401 | D:5      | Noticed a +0 dagger
  3401 | D:5      | Noticed a +0 falchion
  3401 | D:5      | Noticed a +0 spear
  3402 | D:5      | Noticed a +0 dagger
  3404 | D:5      | Noticed a +0 short sword
  3417 | D:5      | Reached skill level 9 in Axes
  3419 | D:5      | Found a hide-covered altar of Uskayaw.
  3510 | D:5      | Reached XP level 8. HP: 68/73 MP: 7/7
  3842 | D:6      | Reached skill level 10 in Axes
  3851 | D:6      | Noticed Pikel
  3858 | D:6      | Killed Pikel
  3859 | D:6      | Reached skill level 11 in Axes
  4034 | D:2      | Bought 2 javelins for 60 gold pieces
  4034 | D:2      | Bought 2 boomerangs for 40 gold pieces
  4160 | D:6      | Identified the +5 rapier of Benevolence {drain, rPois
                  | Dex+2}
  4221 | D:6      | Noticed Blork the orc
  4231 | D:6      | Killed Blork the orc
  4232 | D:6      | Reached skill level 5 in Armour
  4362 | D:6      | Reached XP level 9. HP: 82/82 MP: 8/8
  4555 | D:6      | Found a hazy altar of Hepliaklqana.
  4922 | D:6      | Noticed Menkaure
  4931 | D:6      | Killed Menkaure
  5304 | D:7      | Noticed browni3141's ghost (novice MiFi)
  5647 | D:7      | Found an opulent altar of Gozag.
  6011 | D:7      | Found a staircase to the Ecumenical Temple.
  6023 | Temple   | Entered the Ecumenical Temple
  6263 | D:7      | Found a transporter.
  6268 | D:7      | Found a transporter.
  6499 | D:8      | Reached skill level 10 in Armour
  6508 | D:8      | Reached skill level 1 in Dodging
  6541 | D:8      | Noticed Psyche
  6554 | D:8      | Killed Psyche
  6718 | D:8      | Reached XP level 10. HP: 73/90 MP: 9/9
  6888 | D:8      | Found a staircase to the Lair.
  6960 | D:8      | Reached skill level 12 in Axes
  7544 | D:9      | Found a bloodstained altar of Trog.
  7573 | D:9      | Reached skill level 5 in Dodging
  7690 | D:9      | Became a worshipper of Trog the Wrathful
  7742 | D:9      | Found Cheibriados's Comfort Zone.
  7746 | D:9      | Found a snail-covered altar of Cheibriados.
  7861 | D:9      | Noticed an orange demon
  7882 | D:9      | Killed an orange demon
  7883 | D:9      | Reached skill level 1 in Throwing
  8049 | D:9      | Noticed Amaemon
  8064 | D:9      | Killed Amaemon
  8065 | D:9      | Reached skill level 13 in Axes
  8137 | D:10     | Entered Level 10 of the Dungeon
  8143 | D:10     | Noticed Nergalle
  8163 | D:10     | Killed Nergalle
  8490 | D:10     | Reached XP level 11. HP: 95/95 MP: 10/10
  8560 | D:10     | Reached skill level 5 in Throwing
  8563 | D:10     | Reached * piety under Trog
  8636 | D:10     | Found a large runed translucent door.
  8636 | D:10     | Found a large runed translucent door.
  8638 | D:10     | Noticed math4jedi's ghost (journeyman MiBe)
  8716 | D:10     | Noticed Harold
  8726 | D:10     | Killed Harold
  8740 | D:10     | Reached skill level 5 in Shields
  8750 | D:10     | Found a shimmering blue altar of Sif Muna.
  9100 | D:10     | Killed math4jedi's ghost
  9367 | D:11     | Found a staircase to the Orcish Mines.
  9511 | D:11     | Reached skill level 10 in Fighting
  9852 | D:11     | Noticed a skeletal warrior
  9852 | D:11     | Noticed a skeletal warrior
  9852 | D:11     | Noticed a skeletal warrior
  9852 | D:11     | Noticed a skeletal warrior
  9852 | D:11     | Noticed a skeletal warrior
  9861 | D:11     | Killed a skeletal warrior
  9873 | D:11     | Killed a skeletal warrior
  9883 | D:11     | Killed a skeletal warrior
  9891 | D:11     | HP: 4/101 [skeletal warrior/+0 trident (20)]
  9892 | D:11     | Slain by a skeletal warrior

Illustrated notes

Levels and vault maps discovered:
D:1:      tarquinn_simple_flora_water_b, layout_basic, serial_shops, shop
D:2:      layout_rooms, serial_shops, nicolae_shop_waterfront,
          nicolae_shop_crystal, nicolae_shop_gaudy_bauble, nicolae_diamond_shop,
          shop
D:3:      layout_basic, zin_academy, overflow_temple_1_default,
          mainiacjoe_overflow_small_starburst, gup_sewer_entry_pipe,
          st_stairs_3, minmay_misc_feat_doors
D:4:      layout_rooms, makhleb_heckhound_becter, mainiacjoe_overflow_alcove_4,
          minmay_mini_jars
D:5:      layout_rooms, nicolae_uskayaw_en_pointe
D:6:      layout_cave_pods, nicolae_hepliaklqana_monster_ancestors,
          serial_library_hellmonk_open_cross, minmay_misc_feat_x,
          nicolae_sextant, minmay_misc_feat_plants, uniq_blork_the_orc,
          uniq_menkaure, uniq_pikel
D:7:      layout_loops_ring, lemuel_round_altar,
          minmay_temple_entry_statues_pillars, gammafunk_ghost_hive,
          nicolae_twisty_statue_hallways
D:8:      nicolae_moon_pools, layout_gridville, lair_entry_dummy, special_room
          [special_room_orc], serial_park_tiny_2, uniq_psyche
D:9:      layout_cave_pools, mainiacjoe_overflow_concentric_impassable,
          grunt_decor_mini_mirrors, minmay_shop_chei, uniq_amaemon
D:10:     layout_roguey, kennysheep_orc_sif_temple, ebering_ghost_disaster_area,
          uniq_nergalle, uniq_harold
D:11:     layout_basic, erik_orc_3
Temple:   nicolae_temple_hex_pool

Skill      XL: |  1  2  3  4  5  6  7  8  9 10 11 |
---------------+----------------------------------+-----
Armour         | 4 5 10 | 10.4
Shields        | 4 9 |  9.5
Axes           | 3 4 5 6 7 9 11 13 | 13.3
Fighting       | 4 5 6 7 8 10 | 10.5
Dodging        | 2 6 |  6.0
Throwing       | 4 6 |  6.0

Action                     |  1- 3 |  4- 6 |  7- 9 | 10-12 || total
---------------------------+-------+-------+-------+-------++-------
  Melee: War axe           |    58 |   146 |   248 |   380 ||   832
         Headbutt          |     8 |    20 |    48 |    84 ||   160
  Throw: Dart              |       |       |       |     2 ||     2
 Invoke: Berserk           |       |       |       |     3 ||     3
  Evoke: Wand              |       |       |     4 |       ||     4
    Use: Potion            |       |     1 |       |     1 ||     2
         Scroll            |       |       |       |    16 ||    16
 Armour: Scale mail        |    34 |   109 |   223 |   261 ||   627
         Skin              |       |       |     2 |       ||     2
  Dodge: Dodged            |    33 |    79 |   136 |   179 ||   427
  Block: Buckler           |    15 |    46 |    50 |    86 ||   197
